 Dungeon Crawl Stone Soup version 0.30-a0-1043-g60ff8d5f49 (webtiles) character file.

Game seed: 2837573899352008382

54259 Pooter the Severer (level 14, 0/189 HPs)
             Began as a Minotaur Berserker on Apr 8, 2023.
             Was a High Priest of Trog.
             Killed from afar by Jorgrun (56 damage)
             ... with an iron shot
             ... on level 12 of the Dungeon on Apr 9, 2023.
             The game lasted 02:09:16 (27281 turns).

Pooter the Severer (Minotaur Berserker)            Turns: 27281, Time: 02:09:17

Health: 0/189      AC: 22    Str: 24    XL:     14   Next: 33%
Magic:  0/13       EV:  5    Int:  6    God:    Trog [*****.]
Gold:   886        SH:  0    Dex: 27    Spells: 13/13 levels left

rFire   . . .      SeeInvis .    a - +7 executioner's axe (heavy)
rCold   . . .      Faith    .    (shield currently unavailable)
rNeg    . . .      Spirit   +    h - +3 plate armour {Will+}
rPois   .          Reflect  .    m - +2 hat
rElec   .          Rampage  .    n - +0 cloak
rCorr   .                        (no gloves)
Will    ++...                    C - +2 pair of boots {Fly} Stlth
                                 G - amulet of guardian spirit
HPRegen 0.51/turn                e - +10 ring of dexterity
MPRegen 0.13/turn                K - +6 ring of dexterity

@: berserking, grasped by roots, flying, constricted, very quick
A: horns 2, retaliatory headbutt
a: Renounce Religion, Berserk, Trog's Hand, Brothers in Arms


You were on level 12 of the Dungeon.
You worshipped Trog.
Trog was extremely pleased with you.
You visited 3 branches of the dungeon, and saw 19 of its levels.
You also visited: Sewer, Ossuary and Bailey.

You collected 2694 gold pieces.
You spent 1808 gold pieces at shops.

Inventory:

Hand Weapons
 a - a +7 heavy executioner's axe (weapon)
   (You took it off Rupert on level 5 of the Lair of Beasts)
 b - a +2 triple crossbow of flaming
   (You bought it in a shop on level 8 of the Dungeon)
 c - a +4 vampiric executioner's axe
   (You acquired it on level 7 of the Dungeon)
 q - a +5 morningstar
   (You took it off a wight on level 6 of the Dungeon)
 y - a +5 dire flail of freezing
   (You took it off a wight on level 9 of the Dungeon)
 W - a +2 arbalest
   (You bought it in a shop on level 8 of the Dungeon)
Missiles
 o - 5 boomerangs of dispersal {!f}
 s - 30 poisoned darts
 B - 3 silver boomerangs
 F - 4 javelins
 H - 14 atropa-tipped darts
 J - 2 curare-tipped darts
 N - a throwing net {!f}
 Q - 160 stones
 R - 38 boomerangs (quivered)
Armour
 h - a +3 plate armour of willpower (worn)
   (You took it off an orc warrior on level 1 of the Orcish Mines)
 m - a +2 hat (worn)
   (You found it on level 1 of the Dungeon)
 n - a +0 cloak (worn)
   (You found it on level 2 of the Dungeon)
 C - a +2 pair of boots of flying (worn)
   (You found it in a bailey)
Jewellery
 e - a +10 ring of dexterity (left hand)
   (You bought it in a shop on level 5 of the Dungeon)
 G - an amulet of guardian spirit (around neck)
   (You found it on level 5 of the Dungeon)
 K - a +6 ring of dexterity (right hand)
   (You found it on level 2 of the Lair of Beasts)
 P - a ring of flight
   (You found it on level 6 of the Dungeon)
 S - a ring of willpower
   (You found it on level 9 of the Dungeon)
 V - a ring of ice
   (You found it on level 10 of the Dungeon)
Wands
 f - a wand of flame (57)
   (You found it in a sewer)
 x - a wand of acid (6)
   (You took it off an orc warrior on level 9 of the Dungeon)
 A - a wand of charming (26)
   (You found it on level 4 of the Dungeon)
 O - a wand of roots (7)
   (You found it on level 7 of the Dungeon)
Scrolls
 i - 2 scrolls of identify {@r1}
 j - 4 scrolls of immolation {!r}
 p - 3 scrolls of blinking
 t - 5 scrolls of teleportation {@r4}
 M - 2 scrolls of fear
 U - a scroll of vulnerability {!r}
 X - 2 scrolls of poison {!r}
 Y - a scroll of magic mapping
 Z - a scroll of silence
Potions
 d - 3 potions of resistance
 g - a potion of ambrosia
 k - 9 potions of curing {@q1}
 l - 8 potions of heal wounds {@q2}
 r - 4 potions of invisibility
 u - a potion of might
 v - 2 potions of haste {@q3}
 w - 8 potions of flight
 z - 4 potions of cancellation
 D - 2 potions of lignification {!q}
 E - a potion of attraction {!q}
 I - 3 potions of mutation {!q}
Miscellaneous
 L - a piece from Xom's chessboard (14/15)
   (You found it on level 5 of the Dungeon)
 T - a phial of floods (inert)
   (You found it on level 9 of the Dungeon)


   Skills:
 + Level 12.3 Fighting
 * Level 19.4 Axes
 * Level 16.3 Ranged Weapons
 + Level 6.5 Armour
 - Level 2.1 Dodging
 - Level 3.4 Stealth
 - Level 3.2 Evocations


You had 13 spell levels left.
You didn't know any spells.
Your spell library was empty.

Dungeon Overview and Level Annotations

Branches:
Dungeon (12/15)            Temple (0/1) D:4            Lair (5/5) D:10
 Shoals (0/4) Lair:3       Spider (0/4) Lair:2        Slime (0/5) Lair:4
    Orc (2/2) D:12            Elf (0/3) Orc:2         Sewer (visited)
Ossuary (visited)          Bailey (visited)

Altars:
Cheibriados
Dithmenos
Elyvilon
Nemelex Xobeh
Okawaru
Qazlal
Ru
Vehumet
Wu Jian
Xom
Zin
The Shining One

Shops:
D:2 !   D:5 =   D:8 (   D:9 (*   Orc:2 (:[*

Annotations:
D:3 1 runed translucent door, Crazy Yiuf
D:12 Jorgrun


Innate Abilities, Weirdness & Mutations

You have a pair of horns on your head.
You reflexively headbutt those who attack you in melee.


Message History

Jorgrun casts a spell at you.
You easily resist.
You shoot a bolt. The bolt hits Jorgrun!!!
The bolt burns Jorgrun!
Jorgrun says, "A few more walls knocked out 'ere an' thar an' 'tis whole place will come crashin' down."
Jorgrun drinks a potion.
Jorgrun's spells are empowered!
Jorgrun gestures next to you while chanting.
The wall shatters!
The blast of rock fragments hits you but does no damage.
The centaur warrior shoots an arrow.
The arrow barely misses you.
You shoot a bolt.
The bolt hits Jorgrun but does no damage.
Jorgrun casts a spell at you.
You are slowing down.
Jorgrun casts a spell at you.
Your limbs have turned to stone.
You have turned to stone.
The centaur warrior shoots an arrow.
The arrow hits you but does no damage.
Jorgrun points at you and mumbles some strange words.
Roots burst forth from the earth!
The grasping roots grab you! The grasping roots constrict you!
Jorgrun gestures at you while chanting. The iron shot hits you!!!!
The grasping roots constrict you.
Jorgrun gestures next to you while chanting.
The wall shatters!
The blast of rock fragments hits you!! The grasping roots constrict you.
Jorgrun points at you and mumbles some strange words.
The iron shot hits you!!
* * * LOW MAGIC WARNING * * *
* * * LOW HITPOINT WARNING * * *
The grasping roots constrict you.
* * * LOW HITPOINT WARNING * * *
Jorgrun hits you but does no damage. The grasping roots constrict you!
* * * LOW HITPOINT WARNING * * *
Jorgrun hits you with a staff of earth!
* * * LOW MAGIC WARNING * * *
* * * LOW HITPOINT WARNING * * *
The grasping roots constrict you!
* * * LOW MAGIC WARNING * * *
* * * LOW HITPOINT WARNING * * *
You turn to flesh and can move again.
Okay, then.
Your +2 triple crossbow of flaming stops flaming.
a - a +7 heavy executioner's axe (weapon)
A red film seems to cover your vision as you go berserk!
You feel yourself moving faster!
You feel mighty! Jorgrun casts a spell at you. The iron shot hits you!!!
* * * LOW MAGIC WARNING * * *
You die...

## ### .. ..# #. #.#
.#. #.# ###. #.#.####
#<. #.@...#
#######.######g##.#####
...........<..c.#.....#
#######.######.#.####.#
#...# #.........##
.######.###
#..........####
.........##
#.............#
##.....#..#
#>............#
###...##.#
#.............#


You could see Jorgrun (empowered) and a centaur warrior.

Vanquished Creatures
  Rupert (Lair:5)
  2 orc warlords
  A fire dragon (Lair:5)
  2 hydras (Lair:5)
  Erica (Orc:1)
  A boulder beetle (D:11)
  A two-headed ogre (D:11)
  6 death yaks
  3 orc high priests (Orc:2)
  A fire crab (Lair:5)
  Pikel (D:9)
  4 orc knights
  3 cyclopes
  6 orc sorcerers
  A manticore (D:9)
  4 black mambas
  An ice statue (D:9)
  2 molten gargoyles (Lair:5)
  Maurice (D:9)
  9 cane toads
  2 torpor snails
  A rime drake (Lair:1)
  Psyche (D:9)
  13 komodo dragons
  7 trolls
  A polar bear (Lair:1)
  17 blink frogs
  A vampire (D:11)
  Sigmund (D:3)
  2 shadows
  4 wraiths
  2 water elementals (D:11)
  6 wyverns
  6 basilisks
  4 vampire mosquitoes (D:12)
  30 yaks
  2 steam dragons (Lair:5)
  7 wargs
  An acid dragon (D:10)
  Edmund (D:5)
  16 water moccasins
  35 orc warriors
  4 hell hounds (Lair:5)
  An ice beast (D:5)
  A sky beast (D:6)
  2 black bears
  3 ogres
  9 wolves
  4 centaurs
  3 lemures (D:9)
  4 kobold brigands
  3 scorpions
  13 bullfrogs
  Blork the orc (D:5)
  13 wights
  16 killer bees
  6 electric eels
  5 howler monkeys
  A crimson imp (D:4)
  5 lava snakes (Lair:5)
  A hound (D:5)
  2 gnoll boudas
  A centaur zombie (Ossuary)
  26 orc priests
  3 jellies
  An iguana (D:6)
  An iron imp (D:3)
  Jessica (D:3)
  A sleepcap (D:6)
  Ijyb (D:4)
  Terence (D:3)
  34 orc wizards
  2 mummies (Ossuary)
  5 gnolls
  3 adders
  A river rat (D:3)
  A white imp (D:6)
  An ufetubus (D:6)
  3 dart slugs
  66 orcs
  3 bats
  11 endoplasms
  10 giant cockroaches
  10 goblins
  10 hobgoblins
  7 jackals
  A quokka (D:5)
  3 training dummies (D:8)
  6 ball pythons
  5 frilled lizards
  2 gnoll zombies (Ossuary)
  5 goblin zombies
  7 hobgoblin zombies
  29 kobolds
  3 kobold skeletons (D:4)
  An orc skeleton (D:4)
  5 orc zombies
  6 rats
  2 butterflies (D:5)
586 creatures vanquished.

Vanquished Creatures (collateral kills)
  An orc wizard (D:10)
  A gnoll (D:5)
2 creatures vanquished.

Vanquished Creatures (others)
  2 orc wizards
  2 gnolls (D:5)
  16 fungi
  58 plants
78 creatures vanquished.

Grand Total: 666 creatures vanquished

Notes
Turn   | Place    | Note
-------+----------+-------------------------------------------
     0 | D:1      | Pooter the Minotaur Berserker began the quest for the Orb.
     0 | D:1      | Reached XP level 1. HP: 19/19 MP: 0/0
   276 | D:1      | Reached XP level 2. HP: 27/27 MP: 1/1
   294 | D:1      | Reached skill level 4 in Axes
   296 | D:1      | Reached skill level 1 in Stealth
   917 | D:2      | Reached XP level 3. HP: 33/33 MP: 2/2
  1034 | D:2      | Reached ** piety under Trog
  1039 | D:2      | Found Coaps's Distillery.
  1042 | D:2      | Bought a potion of might for 40 gold pieces
  1241 | D:3      | Found a faded altar of an unknown god.
  1265 | D:3      | Found a snail-covered altar of Cheibriados.
  1307 | D:3      | Noticed Sigmund
  1317 | D:3      | Killed Sigmund
  1318 | D:3      | Reached skill level 5 in Axes
  1318 | D:3      | Reached XP level 4. HP: 15/41 MP: 3/3
  1318 | D:3      | Reached XP level 5. HP: 17/47 MP: 4/4
  1487 | D:3      | Found a glowing drain.
  1491 | Sewer    | Entered a sewer
  1554 | Sewer    | Noticed a water moccasin
  1561 | Sewer    | Killed a water moccasin
  1562 | Sewer    | Reached skill level 5 in Fighting
  1562 | Sewer    | Reached skill level 6 in Axes
  1562 | Sewer    | Reached XP level 6. HP: 56/56 MP: 5/5
  1850 | D:2      | Bought a potion of cancellation for 80 gold pieces
  1850 | D:2      | Bought a potion of flight for 30 gold pieces
  1853 | D:3      | Noticed Terence
  1857 | D:3      | Killed Terence
  2015 | D:3      | Found a runed translucent door.
  2016 | D:3      | Noticed Crazy Yiuf
  2246 | D:3      | Noticed Jessica
  2252 | D:3      | Killed Jessica
  2253 | D:3      | Reached skill level 1 in Ranged Weapons
  2504 | D:4      | Found a staircase to the Ecumenical Temple.
  2504 | D:4      | Noticed Ijyb
  2515 | D:4      | Killed Ijyb
  2585 | D:4      | Found a glowing golden altar of the Shining One.
  2596 | D:4      | Reached XP level 7. HP: 61/61 MP: 6/6
  3158 | D:5      | Entered Level 5 of the Dungeon
  3174 | D:5      | Reached skill level 7 in Axes
  3176 | D:5      | Found a shimmering altar of Xom.
  3219 | D:5      | Found an ornate altar of the Wu Jian Council.
  3524 | D:5      | Found a sparkling altar of Nemelex Xobeh.
  3597 | D:5      | Found Kipsosou's One-of-a-Kind Rings.
  3794 | D:2      | Bought a potion of flight for 30 gold pieces
  3794 | D:2      | Bought a potion of attraction for 30 gold pieces
  3794 | D:2      | Bought a potion of lignification for 30 gold pieces
  3910 | D:5      | Noticed Edmund
  3914 | D:5      | Killed Edmund
  3915 | D:5      | Reached XP level 8. HP: 70/70 MP: 7/7
  4013 | D:5      | Reached skill level 8 in Axes
  4160 | D:5      | Noticed Blork the orc
  4169 | D:5      | Killed Blork the orc
  4406 | D:6      | Reached skill level 1 in Evocations
  4409 | D:6      | Reached skill level 5 in Ranged Weapons
  4459 | D:6      | Noticed a troll
  4812 | D:6      | Reached *** piety under Trog
  4813 | D:6      | Reached skill level 9 in Axes
  5070 | D:2      | Bought a potion of resistance for 100 gold pieces
  5213 | D:6      | Killed a troll
  5214 | D:6      | Reached XP level 9. HP: 79/79 MP: 6/8
  5664 | D:7      | Found an iron altar of Okawaru.
  5935 | D:7      | Reached skill level 10 in Axes
  6058 | D:7      | Identified a scroll of acquirement
  6059 | D:7      | Acquired a +4 executioner's axe of freezing
  6099 | D:7      | Found a white marble altar of Elyvilon.
  6344 | D:8      | Found a sand-covered staircase.
  6356 | Ossuary  | Entered an ossuary
  6516 | D:8      | Reached skill level 11 in Axes
  6777 | D:8      | Found Uvaot's Firing Range.
  6793 | D:8      | Bought 2 boomerangs for 40 gold pieces
  6793 | D:8      | Bought 5 boomerangs for 100 gold pieces
  6793 | D:8      | Bought a +0 arbalest for 45 gold pieces
  6904 | D:8      | You are sucked into a shaft and drop 2 floors!
  6904 | D:10     | Entered Level 10 of the Dungeon
  6924 | D:9      | Reached skill level 12 in Axes
  6932 | D:9      | Found Zin's Purification Station.
  6932 | D:9      | Found a glowing silver altar of Zin.
  6932 | D:9      | Noticed a cyclops
  6953 | D:9      | Found a flagged portal.
  6988 | Bailey   | Entered a bailey
  7019 | Bailey   | Noticed an orc knight
  7019 | Bailey   | Reached **** piety under Trog
  7042 | Bailey   | Killed an orc knight
  7043 | Bailey   | Reached XP level 10. HP: 86/86 MP: 9/9
  8554 | D:9      | Found Xybrir's Antique Weapon Emporium.
  8597 | D:9      | Noticed Pikel
  8602 | D:9      | Killed Pikel
  8603 | D:9      | Reached skill level 13 in Axes
  8663 | D:9      | Found a radiant altar of Vehumet.
  8683 | D:9      | Noticed a manticore
  8686 | D:9      | Killed a cyclops
  8691 | D:9      | Killed a manticore
  8903 | D:9      | Reached skill level 10 in Ranged Weapons
  9030 | D:9      | Reached skill level 14 in Axes
  9041 | D:9      | Noticed Psyche
  9048 | D:9      | Killed Psyche
  9172 | D:9      | Found a shadowy altar of Dithmenos.
  9218 | D:9      | Reached XP level 11. HP: 92/92 MP: 10/10
 10083 | D:9      | Identified the +6 dagger of Benevolence {flame, rPois rN+
                  | Stlth-}
 10086 | D:9      | Identified the +6 falchion of Subjectivity {venom, rPois
                  | Str+3 Int-4}
 10183 | D:9      | Noticed Maurice
 10193 | D:9      | Killed Maurice
 10998 | D:10     | Found a staircase to the Lair.
 11243 | D:8      | Bought a +0 triple crossbow for 100 gold pieces
 11292 | D:10     | Found a stormy altar of Qazlal.
 11833 | Lair:1   | Entered Level 1 of the Lair of Beasts
 11921 | Lair:1   | Noticed a death yak
 11922 | Lair:1   | Noticed a death yak
 11958 | D:10     | Killed a death yak
 12046 | D:10     | Reached skill level 15 in Axes
 12046 | D:10     | Killed a death yak
 13077 | Lair:1   | Found a sacrificial altar of Ru.
 13603 | Lair:2   | Reached skill level 16 in Axes
 13603 | Lair:2   | Reached XP level 12. HP: 102/104 MP: 11/11
 13900 | Lair:2   | Found a hole to the Spider Nest.
 14477 | Lair:3   | Found a staircase to the Shoals.
 15480 | Lair:4   | Found a staircase to the Slime Pits.
 15700 | Lair:4   | Noticed a death yak
 15714 | Lair:4   | Killed a death yak
 15715 | Lair:4   | Reached skill level 10 in Fighting
 15774 | Lair:4   | Noticed a death yak
 15781 | Lair:4   | Killed a death yak
 15782 | Lair:4   | Reached skill level 17 in Axes
 15816 | Lair:4   | Noticed a death yak
 15818 | Lair:4   | Noticed a death yak
 15819 | Lair:4   | Killed a death yak
 15833 | Lair:4   | Killed a death yak
 16248 | Lair:5   | Entered Level 5 of the Lair of Beasts
 16251 | Lair:5   | Identified the +5 flail of Summer {antimagic, rPois rC+
                  | Dex+2}
 16288 | Lair:5   | Noticed a seven-headed hydra
 16295 | Lair:5   | Killed a seven-headed hydra
 16972 | Lair:5   | Noticed Rupert
 16980 | Lair:5   | Paralysed by Rupert for 2 turns
 16986 | Lair:5   | Killed Rupert
 16987 | Lair:5   | Reached XP level 13. HP: 114/114 MP: 8/12
 17028 | Lair:4   | Upgraded the game from 0.30-a0-1035-g38d5fb2972 to
                  | 0.30-a0-1043-g60ff8d5f49
 18321 | Lair:5   | Reached skill level 18 in Axes
 18796 | Lair:5   | Found a large runed translucent door.
 19196 | Lair:5   | Found a large runed translucent door.
 19197 | Lair:5   | Noticed a fire dragon
 19207 | Lair:5   | Killed a fire dragon
 19208 | Lair:5   | Reached skill level 15 in Ranged Weapons
 19272 | Lair:5   | Identified the +9 scimitar of Glory {spect, rN+ Int+3}
 21362 | D:5      | Bought a +10 ring of dexterity for 1183 gold pieces
 22086 | D:11     | Reached skill level 5 in Armour
 22390 | D:12     | Found a staircase to the Orcish Mines.
 22412 | Orc:1    | Entered Level 1 of the Orcish Mines
 23131 | Orc:1    | Noticed Erica
 23135 | Orc:1    | Killed Erica
 24308 | Orc:2    | Entered Level 2 of the Orcish Mines
 24810 | Orc:2    | Reached skill level 19 in Axes
 24810 | Orc:2    | Reached XP level 14. HP: 125/125 MP: 9/13
 24813 | Orc:2    | Noticed an orc warlord
 24817 | Orc:2    | Reached ***** piety under Trog
 25100 | Orc:1    | Killed an orc warlord
 25602 | Orc:2    | Found a staircase to the Elven Halls.
 26024 | Orc:2    | Found Tauhin's Antique Armour Emporium.
 26025 | Orc:2    | Found Zysed's Antique Weapon Shoppe.
 26027 | Orc:2    | Found Otweylad's General Store.
 26027 | Orc:2    | Found Fumm's Book Emporium.
 26447 | Orc:2    | Noticed an orc warlord
 26537 | Orc:2    | Killed an orc warlord
 26950 | D:12     | Noticed Jorgrun
 27281 | D:12     | Killed from afar by Jorgrun

Illustrated notes

Levels and vault maps discovered:
D:1:      dpeg_arrival_another_circle, layout_basic
D:2:      layout_basic, serial_shops, nicolae_shop_behind_doors
D:3:      layout_basic, slow_altar_1, gup_sewer_entry_spiral,
          nicolae_ecumenical_lake_church, skrybe_limestone_x, uniq_jessica,
          uniq_sigmund, uniq_terence, uniq_crazy_yiuf_cottage
D:4:      layout_cave_pools, nicolae_tso_besieged_by_evil,
          minmay_temple_entry_grid, minmay_misc_feat_x, chequers_arboretum,
          chequers_hall_statues_y, minmay_between, uniq_ijyb
D:5:      layout_gridville, lemuel_round_altar, xom_butterflies,
          nemelex_spade_bored_becter, nicolae_shop_unique_rings, uniq_edmund,
          uniq_blork_the_orc
D:6:      layout_cave_pools, nrook_uturn
D:7:      layout_cave_pools, mainiacjoe_overflow_small_starburst,
          mainiacjoe_overflow_cross_hatched
D:8:      layout_cave_pools, serial_column_ruins, column_ruins_hut_pillars,
          column_ruins_circle_medium, column_ruins_corridor_straight,
          column_ruins_open_small, column_ruins_open_tiny_water,
          nicolae_ossuary_entry_false_entrances, nicolae_shop_firing_range
D:9:      hangedman_cross_stitches, layout_stronghold,
          grunt_dithmenos_smoke_and_mirrors, vehumet_crystals, zin_purify,
          serial_shops, shop, enter_bailey_5, minivault_15,
          hangedman_decor_push, hive_lemuel, uniq_maurice, uniq_psyche,
          uniq_pikel
D:10:     layout_loops_ring, nicolae_overflow_hidden_temple, david_lair_shrubbed
D:11:     layout_cave_pods, serial_bayou, serial_bayou_shore_b,
          serial_bayou_shore_a, serial_bayou_ford_a, serial_bayou_lake_a,
          serial_bayou_pond_e, serial_bayou_pond_c
D:12:     minmay_the_grid_triangle_9x9_recursive_3
          [minmay_the_grid_triangle_9x9_odd_lines,
          minmay_the_grid_triangle_9x9_steps,
          minmay_the_grid_triangle_9x9_pentomino_pain,
          minmay_the_grid_triangle_9x9_prize_center,
          minmay_the_grid_triangle_9x9_zippers_vertical,
          minmay_the_grid_triangle_9x9_tough_junction,
          minmay_the_grid_triangle_9x9_subtriangle,
          minmay_the_grid_triangle_9x9_skeleton,
          minmay_the_grid_triangle_9x9_negative_grid], layout_rooms,
          minmay_misc_feat_pillars, nicolae_figureground_sparkle, uniq_jorgrun
Lair:1:   layout_loops_ring, basic_altar, chequers_serial_rivers_micro_e,
          dreamdust_gnoll_shepherd
Lair:2:   layout_cave_pods, dummy_spider_entry
Lair:3:   layout_misc_corridors, shoals_dummy_entry
Lair:4:   layout_roguey, nicolae_slime_entry_slimehenge, beast_lair_carwin_7
Lair:5:   cheibrodos_lair_end_hotspot, layout_gridlike, serial_bayou_shore_b,
          uniq_rupert
Orc:1:    layout_diamond_mine, lemuel_statue_altar, uniq_erica
Orc:2:    st_orc_congregation, layout_caves, mines5_lemuel

Skill      XL: |  1  2  3  4  5  6  7  8  9 10 11 12 13 14 |
---------------+-------------------------------------------+-----
Axes           | 4 5 6 7 9 12 14 16 17 19 | 19.4
Stealth        | 1 3 |  3.4
Fighting       | 4 5 6 7 9 10 11 12 | 12.3
Ranged Weapons | 2 4 6 7 10 12 14 15 16 | 16.3
Evocations     | 2 3 |  3.2
Armour         | 5 6 |  6.5
Dodging        | |  2.1

Action                     |  1- 3 |  4- 6 |  7- 9 | 10-12 | 13-15 || total
---------------------------+-------+-------+-------+-------+-------++-------
  Melee: Mace              |    59 |    45 |       |       |       ||   104
         Headbutt          |     9 |     5 |    37 |    61 |    29 ||   141
         Hand axe          |     3 |    19 |    61 |       |       ||    83
         Punch             |       |       |     2 |       |       ||     2
         Dire flail        |       |       |    57 |     5 |       ||    62
         Flail             |       |       |    10 |       |       ||    10
         Morningstar       |       |       |    47 |       |       ||    47
         Executioner's axe |       |       |    71 |   300 |   161 ||   532
   Fire: Sling             |       |     9 |    38 |       |       ||    47
         Arbalest          |       |       |    29 |    77 |       ||   106
         Shortbow          |       |       |     7 |       |       ||     7
         Triple crossbow   |       |       |       |    78 |   190 ||   268
  Throw: Dart              |       |     3 |    10 |    21 |       ||    34
         Stone             |       |     3 |       |       |       ||     3
 Invoke: Berserk           |     1 |     3 |     8 |     8 |     6 ||    26
         Trog's Hand       |       |     2 |     7 |    12 |    14 ||    35
  Evoke: Wand              |       |       |     4 |    21 |     5 ||    30
         Piece from Xom's  |       |       |     1 |     2 |     1 ||     4
         Phial of floods   |       |       |       |     1 |     1 ||     2
    Use: Scroll            |     7 |       |    14 |    18 |     1 ||    40
         Potion            |       |       |     1 |     4 |       ||     5
   Stab: Sleeping          |     1 |     3 |       |       |       ||     4
         Confused          |       |       |       |     1 |       ||     1
 Armour: Animal skin       |    14 |     4 |       |       |       ||    18
         Chain mail        |       |    20 |   149 |       |       ||   169
         Plate armour      |       |       |       |   231 |   239 ||   470
  Dodge: Dodged            |    35 |    37 |   115 |   134 |   123 ||   444

Table legend: (Time is in decaauts)
 A = Elapsed time spent in this place.
 B = Non-inter-level travel time spent in this place.
 C = Inter-level travel time spent in this place.
 D = Time resting spent in this place.
 E = Time spent auto-exploring this place.
 F = Levels seen in this place.
 G = Mean time per level.
                   A        B        C        D        E       F      G
               +--------+--------+--------+--------+--------+-----+--------+
         Total |  28037 |  26687 |   1350 |  11650 |  10759 |  22 | 1274.4 |
       Dungeon |  13399 |  12283 |   1116 |   4182 |   5874 |  12 | 1116.6 |
          Lair |   8195 |   8026 |    169 |   3495 |   3553 |   5 | 1639.0 |
  Orcish Mines |   4571 |   4507 |     64 |   2785 |   1108 |   2 | 2285.5 |
         Sewer |    177 |    177 |      0 |     37 |     81 |   1 |  177.0 |
       Ossuary |    102 |    102 |      0 |      0 |     30 |   1 |  102.0 |
        Bailey |   1590 |   1590 |      0 |   1149 |    112 |   1 | 1590.0 |
               +--------+--------+--------+--------+--------+-----+--------+

Top non-repeatable levels by time:
  Lair:5: 3759 daAuts
   Orc:1: 3055 daAuts
    D:11: 2424 daAuts
     D:9: 2193 daAuts
  Bailey: 1590 daAuts
   Orc:2: 1516 daAuts
     D:5: 1503 daAuts
  Lair:1: 1475 daAuts
  Lair:4: 1215 daAuts
     D:7: 1191 daAuts
     D:3: 1177 daAuts
    D:10: 1168 daAuts
  Lair:2: 1051 daAuts
     D:6: 819 daAuts
     D:4: 766 daAuts
